 Dungeon Crawl Stone Soup version 0.29-a0-520-gc852659d43 (webtiles) character file.

Game seed: 13471188168088867785

8193 zishaf the Zephyrmancer (level 11, 0/72 HPs)
             Began as a Tengu Air Elementalist on May 31, 2022.
             Was a Priest of Dithmenos.
             Slain by Snorg (16 damage)
             ... on level 9 of the Dungeon.
             The game lasted 00:32:57 (11636 turns).

zishaf the Zephyrmancer (Tengu Air Elementalist)   Turns: 11636, Time: 00:32:58

Health: 0/72       AC: 12    Str:  8    XL:     11   Next: 27%
Magic:  11/19      EV: 14    Int: 21    God:    Dithmenos [***...]
Gold:   1108       SH:  0    Dex: 14    Spells: 8/20 levels left

rFire   + . .      SeeInvis .   F - +1 demon whip (venom)
rCold   . . .      Faith    .   (no shield)
rNeg    . . .      Spirit   .   z - +2 robe {Will+}
rPois   +          Reflect  .   (helmet restricted)
rElec   .          Harm     .   B - +2 cloak {rPois}
rCorr   .          Rampage  .   i - +0 pair of gloves
Will    +....                   (boots unavailable)
Stlth   ++........              l - amulet of regeneration
HPRegen 1.02/turn               m - +4 ring of protection
MPRegen 0.16/turn               G - ring of protection from fire

@: flying quickly and evasively, wreathed by umbra, quick
A: beak, talons 3, nimble flight
a: Renounce Religion, Shadow Step


You were on level 9 of the Dungeon.
You worshipped Dithmenos.
Dithmenos was most pleased with you.
You visited 1 branch of the dungeon, and saw 10 of its levels.
You also visited: Ossuary and Bailey.

You collected 1273 gold pieces.
You spent 165 gold pieces at shops.

Inventory:

Hand Weapons
 d - a +0 short sword of venom
 j - a +1 short sword
 C - a +1 trident of freezing
 F - a +1 demon whip of venom (weapon)
Missiles
 A - 7 throwing nets
Armour
 a - a +0 robe
 i - a +0 pair of gloves (worn)
 y - a +0 leather armour
 z - a +2 robe of willpower (worn)
 B - a +2 cloak of poison resistance (worn)
Jewellery
 l - an amulet of regeneration (around neck)
 m - a +4 ring of protection (left hand)
 s - an amulet of guardian spirit
 E - an amulet of magic regeneration
 G - a ring of protection from fire (right hand)
Wands
 p - a wand of iceblast (1)
Scrolls
 e - a scroll of magic mapping
 f - 3 scrolls of poison
 g - 3 scrolls of teleportation
 n - 3 scrolls of enchant weapon
 v - 2 scrolls of summoning
 H - a scroll of fear
Potions
 b - 3 potions of magic
 c - 5 potions of attraction
 h - 3 potions of heal wounds
 k - 9 potions of curing
 o - 3 potions of mutation
 q - 2 potions of berserk rage
 r - a potion of brilliance {unknown}
 t - a potion of invisibility {unknown}
 u - 4 potions of lignification {unknown}
 w - a potion of might {unknown}
 x - 2 potions of haste {unknown}
 D - a potion of ambrosia {unknown}
 I - a potion of cancellation {unknown}


   Skills:
 + Level 9.7 Fighting
 - Level 2.1 Dodging
 - Level 2.0 Stealth
 - Level 5.0 Spellcasting
 + Level 4.1 Conjurations
 - Level 4.0 Translocations
 + Level 14.3 Air Magic
 - Level 5.0 Evocations


You had 8 spell levels left.
You knew the following spells:

 Your Spells              Type           Power      Damage    Failure   Level
a - Shock                 Conj/Air       100%       1d9       1%          1
b - Static Discharge      Conj/Air       43%        N/A       1%          2
c - Airstrike             Air            30%        N/A       1%          4
A - Swiftness             Air            60%        N/A       1%          3
B - Blink                 Tloc           44%        N/A       3%          2

Your spell library contained the following spells:

 Spells                   Type           Power      Damage    Failure   Level
 Lesser Beckoning         Tloc           22%        N/A       6%          3
 Necrotize                Necr           20%        1d5       11%         1
 Summon Small Mammal      Summ           20%        N/A       11%         1
 Ensorcelled Hibernation  Hex/Ice        10%        N/A       16%         2
 Passwall                 Tmut/Erth      4%         N/A       16%         2
 Call Canine Familiar     Summ           5%         N/A       32%         3
 Summon Guardian Golem    Hex/Summ       5%         N/A       32%         3
 Vampiric Draining        Necr           5%         2d6       32%         3
 Manifold Assault         Tloc           22%        N/A       50%         5
 Petrify                  Tmut/Erth      5%         N/A       71%         4
 Agony                    Necr           5%         N/A       96%         5
 Lee's Rapid Deconstruct  Erth           2%         3d6*      96%         5
 Storm Form               Tmut/Air       17%        N/A       99%         7
 Infestation              Necr           2%         N/A       100%        8


Dungeon Overview and Level Annotations

Branches:
Dungeon (10/15)            Temple (0/1) D:6         Ossuary (visited)
 Bailey (visited)
   Lair: D:8-11         Orc: D:9-12

Altars:
Ashenzari
Dithmenos
Elyvilon
Fedhas
Makhleb
Qazlal
Trog
Vehumet
Wu Jian
Zin
The Shining One

Shops:
D:4 ?   D:5 ?   D:9 *

Annotations:
D:3 2 transporters, Selrock's ghost, amateur GrFi
D:9 Snorg


Innate Abilities, Weirdness & Mutations

You have a beak for a mouth.
You have claws for feet.
Your magical nature lets you fly swiftly and evasively.


Message History

The orc is moderately wounded.
You feel stable enough to blink again. The orc hits you but does no damage.
You hit the orc.
The orc is poisoned.
Your kick misses the orc. Your peck misses the orc.
The orc is severely wounded.
The orc hits you but does no damage.
You closely miss the orc. Your kick misses the orc. Your peck misses the orc.
The orc is severely wounded.
The orc hits you but does no damage.
You kill the orc!
Dithmenos accepts your kill.
Casting: Shock (safe; 1% risk of failure)
Confirm with . or Enter, or press ? or * to list all spells.
Aiming: Shock (safe; 1% risk of failure)
Press: ? - help, Shift-Dir - straight line, f - Snorg
Aim: Snorg (lightly wounded, very poisoned, slow, 74% to hit)
The zap misses Snorg.
Aiming: Iceblast
Press: ? - help, Shift-Dir - straight line, f/p - Snorg
Aim: Snorg (lightly wounded, very poisoned, slow, umbra)
The mass of ice explodes!
The iceblast engulfs Snorg!!
Snorg is moderately wounded.
Snorg looks more energetic.
Snorg goes berserk!
Unknown command.
Aiming: Iceblast
Press: ? - help, Shift-Dir - straight line, f/p - Snorg
Aim: Snorg (moderately wounded, berserk, very poisoned, umbra)
The mass of ice explodes!
The iceblast engulfs Snorg!
Snorg is heavily wounded.
Unknown command.
Aiming: Iceblast
Press: ? - help, Shift-Dir - straight line, f/p - Snorg
Aim: Snorg (heavily wounded, berserk, very poisoned, umbra)
The mass of ice explodes!
The iceblast engulfs Snorg!!
Snorg is severely wounded.
Snorg closely misses you. Snorg claws you!
* * * LOW HITPOINT WARNING * * *
Snorg claws you!
You die...

## #...............#
.# #.......>.......#
.##
#...............#
..##
#.....<..)......#
#..####
##.............##
##....#
##...........##
#.....#
####...######
......### ###.#T#
.......!# #...#@#
.######.## #.###.#
..# #..###.###.###
#.######...........#
...................#
##.#####...........#
#....###..........#
####..............#
######.##..........#


You could see Snorg (berserk, poisoned).

Vanquished Creatures
  A two-headed ogre (D:9)
  Amaemon (D:8)
  Pikel (D:8)
  An orc knight (Bailey)
  A deep elf pyromancer (Bailey)
  An orange demon (D:8)
  A troll (D:9)
  Sigmund (D:4)
  A vampire (D:10)
  2 wyverns
  A wraith (D:9)
  A steam dragon (D:7)
  2 water moccasins
  2 ice beasts
  4 orc warriors
  3 sky beasts
  A tengu (Bailey)
  6 centaurs
  A lemure (D:8)
  A kobold brigand (D:8)
  3 bullfrogs
  2 necrophages
  A gnoll sergeant (D:10)
  5 wights (D:8)
  26 killer bees
  A jelly (D:7)
  8 orc priests
  2 gnoll shamans (D:6)
  2 hounds
  Ijyb (D:3)
  3 iguanas
  3 orc wizards
  8 mummies (Ossuary)
  12 gnolls
  5 adders
  2 white imps
  3 ufetubi
  A worm (D:4)
  2 dart slugs (D:4)
  31 orcs
  5 bats
  4 endoplasms
  2 giant cockroaches
  6 goblins
  8 hobgoblins
  7 jackals
  4 quokkas
  10 ball pythons
  3 frilled lizards
  3 gnoll zombies (Ossuary)
  3 hobgoblin zombies (Ossuary)
  15 kobolds
  A kobold zombie (Ossuary)
  An orc zombie (Ossuary)
  4 rats
230 creatures vanquished.

Vanquished Creatures (others)
  A ball python (D:3)
  6 plants (D:3)
7 creatures vanquished.

Grand Total: 237 creatures vanquished

Notes
Turn   | Place    | Note
-------+----------+-------------------------------------------
     0 | D:1      | zishaf the Tengu Air Elementalist began the quest for the
                  | Orb.
     0 | D:1      | Reached XP level 1. HP: 10/10 MP: 4/4
   335 | D:1      | Reached XP level 2. HP: 16/16 MP: 1/6
   338 | D:1      | Learned a level 2 spell: Static Discharge
   710 | D:1      | Reached skill level 1 in Fighting
  1736 | D:2      | Reached XP level 3. HP: 20/20 MP: 3/7
  1851 | D:2      | Found a faded altar of an unknown god.
  2206 | D:3      | Found a transporter.
  2375 | D:3      | Reached XP level 4. HP: 26/26 MP: 1/8
  2385 | D:3      | Learned a level 4 spell: Airstrike
  2452 | D:3      | Noticed Selrock's ghost (amateur GrFi)
  2469 | D:3      | Found a transporter.
  2475 | D:3      | Identified the +0 pair of gloves of Whack-A-Mole {-Cast
                  | Regen+ Dex+9 Slay+4}
  2603 | D:3      | Noticed Ijyb
  2637 | D:3      | Killed Ijyb
  2638 | D:3      | Reached skill level 5 in Air Magic
  2719 | D:3      | Gained mutation: Your magical nature lets you fly swiftly
                  | and evasively. [Tengu growth]
  2719 | D:3      | Reached XP level 5. HP: 30/30 MP: 2/10
  3015 | D:3      | Found a stormy altar of Qazlal.
  3114 | D:4      | Found a sand-covered staircase.
  3120 | Ossuary  | Entered an ossuary
  3450 | Ossuary  | Reached skill level 1 in Evocations
  3592 | Ossuary  | Reached skill level 6 in Air Magic
  3592 | Ossuary  | Reached XP level 6. HP: 36/36 MP: 3/11
  3904 | D:4      | Found Hesaemei's Magic Scroll Boutique.
  3912 | D:4      | Bought a scroll of summoning for 95 gold pieces
  4297 | D:4      | Learned a level 3 spell: Swiftness
  4732 | D:4      | Noticed an ice beast
  4753 | D:4      | Killed an ice beast
  4754 | D:4      | Reached skill level 7 in Air Magic
  4754 | D:4      | Reached XP level 7. HP: 39/41 MP: 0/12
  5074 | D:4      | Found a glowing silver altar of Zin.
  5137 | D:4      | Noticed Sigmund
  5148 | D:4      | Killed Sigmund
  5149 | D:4      | Reached skill level 8 in Air Magic
  5300 | D:5      | Entered Level 5 of the Dungeon
  5440 | D:5      | Found Niuqir's Magic Scroll Emporium.
  5457 | D:5      | Bought a scroll of magic mapping for 42 gold pieces
  5510 | D:5      | Reached XP level 8. HP: 41/48 MP: 13/13
  5627 | D:5      | Reached skill level 9 in Air Magic
  5799 | D:5      | Found a shadowy altar of Dithmenos.
  5799 | D:5      | Found a white marble altar of Elyvilon.
  5802 | D:5      | Became a worshipper of Dithmenos the Shadowed
  5894 | D:5      | Found a bloodstained altar of Trog.
  6480 | D:6      | Reached * piety under Dithmenos
  6481 | D:6      | Reached skill level 5 in Fighting
  6608 | D:6      | Found a staircase to the Ecumenical Temple.
  7217 | D:7      | Noticed a wyvern
  7220 | D:7      | Killed a wyvern
  7221 | D:7      | Reached skill level 10 in Air Magic
  7221 | D:7      | Reached skill level 5 in Evocations
  7221 | D:7      | Reached XP level 9. HP: 55/55 MP: 1/14
  7671 | D:7      | Reached skill level 11 in Air Magic
  7684 | D:7      | Learned a level 2 spell: Blink
  8094 | D:7      | Found a broken altar of Ashenzari.
  8267 | D:7      | Reached skill level 1 in Translocations
  8582 | D:8      | Noticed Amaemon
  8653 | D:8      | Noticed Pikel
  8670 | D:8      | Killed Pikel
  8789 | D:8      | Found an ornate altar of the Wu Jian Council.
  8903 | D:8      | Reached XP level 10. HP: 59/63 MP: 17/17
  9002 | D:8      | Found a radiant altar of Vehumet.
  9123 | D:8      | Reached skill level 12 in Air Magic
  9204 | D:8      | Reached ** piety under Dithmenos
  9331 | D:8      | Noticed an orange demon
  9385 | D:8      | Killed an orange demon
  9477 | D:8      | Killed Amaemon
  9478 | D:8      | Reached skill level 5 in Spellcasting
  9691 | D:8      | Found a burning altar of Makhleb.
  9823 | D:9      | Found Kapruquwk's Assorted Antiques.
  9913 | D:9      | Found a flagged portal.
  9922 | Bailey   | Entered a bailey
 10233 | Bailey   | Noticed an orc knight
 10286 | Bailey   | Killed an orc knight
 10287 | Bailey   | Reached skill level 13 in Air Magic
 10410 | Bailey   | Found a large runed translucent door.
 10410 | Bailey   | Found a large runed translucent door.
 10411 | Bailey   | Noticed a deep elf pyromancer
 10511 | Bailey   | Killed a deep elf pyromancer
 10533 | Bailey   | Identified the +0 leather armour of Feasting {Will+}
 10542 | Bailey   | Got the Volume of Dark Secrets and the Rocks
 10551 | Bailey   | Identified the +1 robe of Hangman {Regen+ Str+2}
 10713 | D:9      | Noticed a two-headed ogre
 10738 | D:9      | Killed a two-headed ogre
 10739 | D:9      | Reached XP level 11. HP: 55/71 MP: 15/19
 10792 | D:9      | Reached skill level 14 in Air Magic
 10858 | D:9      | Found a glowing golden altar of the Shining One.
 11037 | D:9      | Bought a bubbling ruby potion for 28 gold pieces
 11175 | D:10     | Entered Level 10 of the Dungeon
 11175 | D:10     | Found a blossoming altar of Fedhas.
 11312 | D:10     | Reached *** piety under Dithmenos
 11527 | D:10     | Noticed Snorg
 11636 | D:9      | Slain by Snorg

Illustrated notes

Levels and vault maps discovered:
D:1:      lightli_arrival_statuegarden, layout_loops_ring
D:2:      layout_basic, shapermc_ecumenical_altar_notcrosses,
          chequers_decorated_corner
D:3:      layout_loops_ring, overflow_temple_1_default,
          gammafunk_ghost_gnarly_gnolls, minmay_misc_feat_pillars, st_stairs_8,
          dreamdust_wishing_well, uniq_ijyb
D:4:      minmay_polygon_palace, layout_loops_ring, zin_statuary, serial_shops,
          nicolae_shop_advertising_works [nicolae_subvault_shop_adworks],
          enter_ossuary_3, uniq_sigmund
D:5:      layout_gridville, trog_hazing_becter,
          gammafunk_temple_overflow_elements, serial_shops, shop_coins
D:6:      layout_loops_ring, minmay_temple_entry_waves
D:7:      layout_basic, ashenzari_conservatory_becter
D:8:      layout_basic, mainiacjoe_overflow_24_doors, lemuel_round_altar,
          mainiacjoe_overflow_alcove_4, corexii_corridor_pit, uniq_amaemon,
          uniq_pikel
D:9:      layout_rooms, tso_oasis_becter, enter_bailey_8, serial_shops, shop
D:10:     okawaru_arena_lexackson, layout_cave_pools, fedhas_altar_1,
          mainiacjoe_overflow_surrounded_room, chequers_serial_rivers_micro_d,
          uniq_snorg

Skill      XL: |  1  2  3  4  5  6  7  8  9 10 11 |
---------------+----------------------------------+-----
Conjurations   | 2 3 4 |  4.1
Fighting       | 1 2 3 4 5 7 9 |  9.7
Air Magic      | 5 6 7 8 10 11 13 14 | 14.3
Spellcasting   | 3 4 5 |  5.0
Evocations     | 1 2 3 5 |  5.0
Translocations | 2 4 |  4.0
Dodging        | |  2.1
Stealth        | |  2.0

Action                   |  1- 3 |  4- 6 |  7- 9 | 10-12 || total
-------------------------+-------+-------+-------+-------++-------
Melee: Kick              |     2 |    10 |    18 |    30 ||    60
       Unarmed           |     2 |     3 |       |       ||     5
       Short sword       |     1 |    33 |    83 |     4 ||   121
       Peck              |       |     8 |    17 |    16 ||    41
       Punch             |       |       |     4 |     1 ||     5
       Demon whip        |       |       |       |    72 ||    72
 Cast: Shock             |    75 |   102 |   129 |    66 ||   372
       Static Discharge  |       |    23 |    27 |    56 ||   106
       Airstrike         |       |       |    14 |     8 ||    22
       Blink             |       |       |     1 |     6 ||     7
Evoke: Wand              |       |     1 |     2 |    12 ||    15
  Use: Scroll            |       |    10 |     5 |     1 ||    16
       Potion            |       |       |       |     5 ||     5
 Stab: Sleeping          |       |       |       |     2 ||     2
Armor: Robe              |     6 |    13 |    60 |    65 ||   144
Dodge: Dodged            |     8 |    56 |   121 |   173 ||   358

Table legend: (Time is in decaauts)
 A = Elapsed time spent in this place.
 B = Non-inter-level travel time spent in this place.
 C = Inter-level travel time spent in this place.
 D = Time resting spent in this place.
 E = Time spent auto-exploring this place.
 F = Levels seen in this place.
 G = Mean time per level.
                   A        B        C        D        E       F      G
               +--------+--------+--------+--------+--------+-----+--------+
         Total |  11190 |  10781 |    409 |   1284 |   6839 |  12 |  932.5 |
       Dungeon |   9853 |   9444 |    409 |    803 |   6692 |  10 |  985.3 |
       Ossuary |    698 |    698 |      0 |    334 |     99 |   1 |  698.0 |
        Bailey |    638 |    638 |      0 |    147 |     47 |   1 |  638.0 |
               +--------+--------+--------+--------+--------+-----+--------+

Top non-repeatable levels by time:
     D:7: 1460 daAuts
     D:4: 1375 daAuts
     D:1: 1252 daAuts
     D:8: 1090 daAuts
     D:3: 1086 daAuts
     D:6: 972 daAuts
     D:5: 784 daAuts
     D:9: 779 daAuts
     D:2: 770 daAuts
 Ossuary: 698 daAuts
  Bailey: 638 daAuts
    D:10: 281 daAuts
